 Dungeon Crawl Stone Soup version 0.21.1-1-g345015f (webtiles) character file.

145 empire the Slasher (level 5, -3/46 HPs)
             Began as a Minotaur Fighter on June 4, 2018.
             Slain by Cazzumz's ghost (5 damage)
             ... on level 3 of the Dungeon.
             The game lasted 00:04:21 (1857 turns).

empire the Slasher (Minotaur Fighter)               Turns: 1857, Time: 00:04:21

Health: -3/46      AC:  7    Str: 21    XL:     5   Next: 6%
Magic:  4/4        EV:  8    Int:  5    God:
Gold:   95         SH:  9    Dex: 10    Spells: 4/4 levels left

rFire    . . .     SeeInvis .   a - +0 long sword
rCold    . . .     Gourm    .   c - +0 shield
rNeg     . . .     Faith    .   b - +0 scale mail
rPois    .         Spirit   .   (helmet restricted)
rElec    .         Reflect  .   (no cloak)
rCorr    .         Harm     .   (no gloves)
MR       .....                  (no boots)
Stlth    +.........             (no amulet)
HPRegen  0.15/turn              i - ring of stealth
MPRegen  0.09/turn              (no ring)

@: no status effects
A: retaliatory headbutt, horns 2
a: no special abilities


You were on level 3 of the Dungeon.
You were not hungry.

You visited 1 branch of the dungeon, and saw 3 of its levels.

You collected 95 gold pieces.

Inventory:

Hand Weapons
 a - a +0 long sword (weapon)
Armour
 b - a +0 scale mail (worn)
 c - a +0 shield (worn)
Jewellery
 i - a ring of stealth (left hand)
 l - an uncursed ring of protection from fire {unknown}
 p - an uncursed ring of resist corrosion {unknown}
Wands
 t - a wand of random effects (36)
Scrolls
 e - a scroll of enchant weapon {unknown}
 h - a scroll of fog {unknown}
 o - 2 scrolls of magic mapping {unknown}
 s - a scroll of teleportation {unknown}
Potions
 d - a potion of might
 j - 2 potions of haste {unknown}
 k - 2 potions of berserk rage {unknown}
 m - a potion of resistance {unknown}
 n - a potion of flight {unknown}
 q - 3 potions of lignification {unknown}
 r - a potion of brilliance {unknown}
Comestibles
 f - 3 rations
 g - 5 chunks of flesh


   Skills:
 - Level 4.0 Fighting
 + Level 4.5 Long Blades
 - Level 4.0 Armour
 + Level 2.9 Dodging
 - Level 4.0 Shields


You had 4 spell levels left.
You didn't know any spells.

Dungeon Overview and Level Annotations

Branches:
Dungeon (3/15)

Altars:
Okawaru

Annotations:
D:3 Cazzumz's ghost, amateur DrBe


Innate Abilities, Weirdness & Mutations

You reflexively headbutt those who attack you in melee.
You have a pair of horns on your head.


Message History

You kill the hobgoblin!
Cazzumz's ghost hits you. The rat barely misses you.
You riposte.
You hit the rat.
You kill the rat!
You block Cazzumz's ghost's attack.
You hit Cazzumz's ghost but do no damage.
Cazzumz's ghost hits you.
You hit Cazzumz's ghost but do no damage.
You block Cazzumz's ghost's attack.
You closely miss Cazzumz's ghost. Your headbutt misses Cazzumz's ghost.
Cazzumz's ghost hits you!
Your shield prevents you from hitting Cazzumz's ghost.
Your headbutt misses Cazzumz's ghost. Cazzumz's ghost hits you!
You closely miss Cazzumz's ghost. Your headbutt misses Cazzumz's ghost.
Cazzumz's ghost hits you!
* * * LOW HITPOINT WARNING * * *
Cazzumz's ghost hits you!
* * * LOW HITPOINT WARNING * * *
Cazzumz's ghost hits you.
You die...

.# .# #.####
##..... #....#
. ###...$##..
#..(.......
#####.#W#......
.......@..###..
......)).##
##.##..(##
#.............
####...#######
#...# #...#
#...# .....


You could see Cazzumz's ghost.

Vanquished Creatures
  An orc wizard (D:2)
  Ijyb (D:2)
  Robin (D:2)
  An adder (D:2)
  2 worms (D:2)
  3 dart slugs
  A leopard gecko (D:1)
  3 orcs (D:2)
  3 bats
  2 giant cockroaches (D:2)
  11 goblins
  11 hobgoblins
  5 kobolds
  3 frilled lizards (D:2)
  8 rats
56 creatures vanquished.

Notes
Turn   | Place    | Note
-------+----------+-------------------------------------------
     0 | D:1      | empire the Minotaur Fighter began the quest for the Orb.
     0 | D:1      | Reached XP level 1. HP: 19/19 MP: 0/0
   158 | D:1      | Reached XP level 2. HP: 24/27 MP: 1/1
   803 | D:2      | Reached XP level 3. HP: 16/33 MP: 2/2
   809 | D:2      | Reached skill level 1 in Dodging
   994 | D:2      | Reached XP level 4. HP: 37/40 MP: 3/3
  1135 | D:2      | Found an iron altar of Okawaru.
  1583 | D:3      | Noticed Robin
  1583 | D:3      | Noticed Cazzumz's ghost (amateur DrBe)
  1603 | D:3      | Noticed Ijyb
  1677 | D:2      | Killed Ijyb
  1797 | D:2      | Killed Robin
  1797 | D:2      | Reached XP level 5. HP: 38/46 MP: 4/4
  1856 | D:3      | HP: 1/46 [Cazzumz's ghost (8)]
  1857 | D:3      | Slain by Cazzumz's ghost

Skill      XL: |  1  2  3  4 |
---------------+-------------+-----
Shields        | 4 |  4.0
Fighting       | 4 |  4.0
Long Blades    | 3 4 |  4.5
Armour         | 4 |  4.0
Dodging        | 1 2 |  2.9

Action                   |  1- 3 |  4- 6 || total
-------------------------+-------+-------++-------
Melee: Long sword        |    69 |    73 ||   142
       Headbutt          |    13 |    12 ||    25
  Eat: Chunk             |       |     3 ||     3
Armor: Scale mail        |    22 |    43 ||    65
Dodge: Dodged            |    33 |    43 ||    76
Block: Shield            |    53 |    53 ||   106
       Rpst.: Long sword |    11 |    14 ||    25
